 Dungeon Crawl Stone Soup version 0.23.2-1-ga50397a6bc (webtiles) character file.

Game seed: 11854935276485007665

75 Foic the Magician (level 4, -5/24 HPs)
             Began as a Deep Elf Wizard on May 26, 2019.
             Killed by divine providence
             ... invoked by an orc priest
              (13 damage)
             ... on level 3 of the Dungeon.
             The game lasted 00:11:15 (3125 turns).

Foic the Magician (Deep Elf Wizard)                 Turns: 3125, Time: 00:11:16

Health: -5/24      AC:  5    Str:  4    XL:     4   Next: 11%
Magic:  3/14       EV: 14    Int: 24    God:
Gold:   137        SH:  0    Dex: 13    Spells: 8/15 levels left

rFire    . . .     SeeInvis .   (no weapon)
rCold    . . .     Gourm    .   (no shield)
rNeg     . . .     Faith    .   a - +0 robe
rPois    .         Spirit   .   b - +0 hat
rElec    .         Reflect  .   c - +2 cloak
rCorr    .         Harm     .   (no gloves)
MR       .....                  (no boots)
Stlth    ++........             (no amulet)
HPRegen  0.08/turn              k - +1 ring of evasion
MPRegen  0.14/turn              (no ring)

@: very slightly contaminated
A: no striking features
a: no special abilities


You were on level 3 of the Dungeon.
You were not hungry.

You visited 1 branch of the dungeon, and saw 3 of its levels.

You collected 137 gold pieces.

Inventory:

Hand Weapons
 l - a +0 rapier
Missiles
 j - 32 arrows
Armour
 a - a +0 robe (worn)
 b - a +0 hat (worn)
 c - a +2 cloak (worn)
 i - a cursed -1 leather armour
Jewellery
 k - a +1 ring of evasion (left hand)
Scrolls
 p - a scroll of blinking
Potions
 m - 2 potions of curing {unknown}
Comestibles
 d - 5 rations
 q - 2 chunks of flesh


   Skills:
 * Level 3.1 Dodging
 + Level 2.5 Stealth
 * Level 6.1 Spellcasting
 + Level 1.4 Conjurations
 + Level 0.3 Hexes
 + Level 1.3 Summonings
 + Level 1.3 Translocations


You had 8 spell levels left.
You knew the following spells:

 Your Spells              Type           Power        Failure   Level  Hunger
a - Magic Dart            Conj           ##..         4%          1    None
b - Blink                 Tloc           N/A          7%          2    None
c - Call Imp              Summ           ##......     7%          2    None
d - Slow                  Hex            #.......     11%         2    None

Your spell library contained the following spells:

 Spells                   Type           Power        Failure   Level  Hunger
 Conjure Flame            Conj/Fire      ##......     19%         3    #......
 Mephitic Cloud           Conj/Pois/Air  #.......     19%         3    #......


Dungeon Overview and Level Annotations

Branches:
Dungeon (3/15)

Altars:
Cheibriados
Dithmenos
Gozag


Message History

The orc is lightly wounded.
Casting: Magic Dart (safe; 4% risk of failure)
Confirm with . or Enter, or press ? or * to list all spells.
A beastly little devil appears in a puff of frigid air.
Your crimson imp disappears in a puff of smoke!
The orc priest's inner flame fades away.
Casting: Call Imp (safe; 7% risk of failure)
Confirm with . or Enter, or press ? or * to list all spells.
You don't know that spell.
Unknown command.
You swap places.
The orc priest calls upon Beogh to heal the orc.
The orc's wounds heal themselves!
The orc barely misses your white imp.
Your white imp gestures at the orc.
The puff of frost hits the orc!
The orc dies!
The orc priest mumbles some strange prayers to Beogh against you.
Beogh smites you!
Ouch! That really hurt!
You die...

###.... #########
##.# .......
#.......# #..#
#§...######.......#
#..#
#)....5...†.......#
#..#
#...r######.......#
#..# #.....
#.h.....# #..# #
#..... #.......#
#÷.# # #....hh
######.#### ##..# #
..#.... #.@##..#
####...# # ## ###.#
###.###.## #.....##
##.# #.###)5.# #<#
##.#...#
...######.#...###
#.# #..#.###
#####...#..o.##
##.###.##.#
..............##
#......##.####
.........§.....#
#.#.#........#
.........§.....#
#.#.#).......#
#..............#
#.#.#........#


You could see an orc priest and a friendly white imp.

Vanquished Creatures
  A giant cockroach (D:1)
  3 goblins
  5 hobgoblins
  A jackal (D:3)
  3 kobolds
  11 bats
  9 frilled lizards
  A rat (D:1)
34 creatures vanquished.

Vanquished Creatures (collateral kills)
  A gnoll (D:3)
  2 adders
  2 oozes (D:3)
  A worm (D:2)
  2 orcs (D:3)
  A giant cockroach (D:2)
  5 hobgoblins
  5 jackals
  3 kobolds (D:2)
  2 bats (D:3)
  A frilled lizard (D:2)
  A goblin (D:3)
  A quokka skeleton (D:3)
  A rat (D:2)
28 creatures vanquished.

Grand Total: 62 creatures vanquished

Notes
Turn   | Place    | Note
-------+----------+-------------------------------------------
     0 | D:1      | Foic the Deep Elf Wizard began the quest for the Orb.
     0 | D:1      | Reached XP level 1. HP: 10/10 MP: 7/7
   360 | D:1      | Reached skill level 5 in Spellcasting
   535 | D:1      | Reached XP level 2. HP: 15/15 MP: 8/10
   539 | D:1      | Learned a level 2 spell: Blink
   542 | D:1      | Learned a level 2 spell: Call Imp
   545 | D:1      | Learned a level 2 spell: Slow
  1291 | D:2      | Found a shadowy altar of Dithmenos.
  1481 | D:2      | Found a snail-covered altar of Cheibriados.
  1530 | D:2      | Reached XP level 3. HP: 19/19 MP: 7/12
  1699 | D:2      | Found an opulent altar of Gozag.
  3057 | D:3      | Reached skill level 6 in Spellcasting
  3071 | D:3      | Reached XP level 4. HP: 5/24 MP: 4/14
  3125 | D:3      | Killed from afar by an orc priest

Skill      XL: |  1  2  3 |
---------------+----------+-----
Spellcasting   | 5 6 |  6.1
Dodging        | 3 |  3.1
Stealth        | |  2.5
Conjurations   | |  1.4
Hexes          | |  0.3
Summonings     | |  1.3
Translocations | |  1.3

Action                   |  1- 3 |  4- 6 || total
-------------------------+-------+-------++-------
 Cast: Magic Dart        |    77 |     1 ||    78
       Call Imp          |    38 |     4 ||    42
       Slow              |     4 |       ||     4
       Blink             |     9 |       ||     9
  Use: Scroll            |     3 |     5 ||     8
       Potion            |       |     2 ||     2
  Eat: Chunk             |     6 |       ||     6
Armor: Robe              |    30 |       ||    30
Dodge: Dodged            |    71 |     3 ||    74
